 Dungeon Crawl Stone Soup version 0.24-a0-504-gcfb02b9d07 (webtiles) character file.

Game seed: 9007097082857144451

23 Mithandil the Conjurer (level 2, -1/15 HPs)
             Began as a Deep Elf Conjurer on July 16, 2019.
             Slain by an ooze (3 damage)
             ... on level 1 of the Dungeon.
             The game lasted 00:03:34 (483 turns).

Mithandil the Conjurer (Deep Elf Conjurer)           Turns: 483, Time: 00:03:34

Health: -1/15      AC:  2    Str:  5    XL:     2   Next: 72%
Magic:  0/8        EV: 13    Int: 19    God:
Gold:   34         SH:  0    Dex: 15    Spells: 5/8 levels left

rFire    . . .     SeeInvis .   d - -2 club (curse)
rCold    . . .     Gourm    .   (no shield)
rNeg     . . .     Faith    .   h - +0 robe
rPois    .         Spirit   .   (no helmet)
rElec    .         Reflect  .   (no cloak)
rCorr    .         Harm     .   (no gloves)
MR       .....                  (no boots)
Stlth    ++........             (no amulet)
HPRegen  0.05/turn              (no ring)
MPRegen  0.11/turn              (no ring)

@: no status effects
A: no striking features
a: no special abilities


You were on level 1 of the Dungeon.
You were not hungry.

You visited 1 branch of the dungeon, and saw 2 of its levels.

You collected 34 gold pieces.

Inventory:

Hand Weapons
 a - a +0 dagger
 d - a cursed -2 club (weapon)
 i - a +0 dagger
Missiles
 b - 13 stones (quivered)
Armour
 h - a +0 robe (worn)
Scrolls
 e - a scroll of immolation
 g - a scroll of fear
Comestibles
 c - 2 rations
 f - 2 chunks of flesh


   Skills:
 + Level 2.7 Dodging
 + Level 2.8 Stealth
 * Level 3.5 Spellcasting
 * Level 4.7 Conjurations


You had 5 spell levels left.
You knew the following spells:

 Your Spells              Type           Power        Failure   Level  Hunger
a - Magic Dart            Conj           ###.         1%          1    None
b - Searing Ray           Conj           ###...       3%          2    ##.....

Your spell library contained the following spells:

 Spells                   Type           Power        Failure   Level  Hunger
 Dazzling Spray           Conj/Hex       ##....       16%         3    ###....
 Iskenderun's Mystic Bla  Conj           ###.....     21%         4    ####...
 Force Lance              Conj/Tloc      ##......     47%         4    ####...
 Fulminant Prism          Conj/Hex       ##........   47%         4    ####...


Dungeon Overview and Level Annotations

Branches:
Dungeon (2/15)

Altars:


Message History

The ooze closely misses you.
You barely miss the giant cockroach.
The giant cockroach is moderately wounded.
The giant cockroach bites you but does no damage.
The ooze hits you but does no damage. The giant cockroach closely misses you.
You hit the giant cockroach but do no damage.
The giant cockroach barely misses you. The ooze barely misses you.
The giant cockroach barely misses you.
Casting: Magic Dart (safe; 1% risk of failure)
Confirm with . or Enter, or press ? or * to list all spells.
Aiming: Magic Dart (safe; 1% risk of failure)
Press: ? - help, Shift-Dir - straight line, f - giant cockroach
Aim: a giant cockroach (clinging)
The magic dart hits the giant cockroach.
You kill the giant cockroach!
The ooze barely misses you.
You hit the ooze.
The ooze is lightly wounded.
The ooze hits you.
You die...

.......#######.# ####.# .......#
#..#########....# .......# #..
................# )......#
#.###############.#.#
###'##.###.#...$.........#...#
###'##.##..#.....J.......#...#
#..>.......#.....Kh......#÷#.#
#....###...#######J#######.#'####
#....# #...#....@Jr......#.......
#....# #...'⌠....###....⌠'.......
#....###...#......<......#.......
#....'.....#..⌠...>...⌠..#.......
#....#.....###'#######'###.......
#....#.#...................#.####
######.#................####.#
#.....#.#...##########.# .#
#.....#.#.#.# #.# .#


You could see 3 oozes, a jackal, a kobold and a rat.

Vanquished Creatures
  A dart slug (D:1)
  6 giant cockroaches (D:1)
  2 goblins (D:1)
  A hobgoblin (D:1)
  3 jackals (D:1)
  2 kobolds (D:1)
  3 rats (D:1)
18 creatures vanquished.

Notes
Turn   | Place    | Note
-------+----------+-------------------------------------------
     0 | D:1      | Mithandil the Deep Elf Conjurer began the quest for the
                  | Orb.
     0 | D:1      | Reached XP level 1. HP: 10/10 MP: 6/6
     9 | D:1      | Found a runed translucent door.
   325 | D:1      | Reached XP level 2. HP: 15/15 MP: 4/8
   329 | D:1      | Learned a level 2 spell: Searing Ray
   483 | D:1      | Slain by an ooze

Levels and vault maps discovered:
D:1:      dpeg_arrival_caged_fury, layout_basic
D:2:      layout_rooms, old_standard_altar, minmay_misc_feat_secret_circle

Action                   || total
-------------------------++-------
Melee: Club              ||    15
 Cast: Magic Dart        ||    28
  Use: Scroll            ||     2
Armor: Robe              ||    10
Dodge: Dodged            ||    31

Table legend:
 A = Non-vault XP
 B = Vault XP
 C = Vault XP percentage of total XP
 D = Non-vault monster count
 E = Vault monster count
 F = Vault count percentage of total count
                 A         B        C        D         E       F
            +---------+---------+-------+---------+---------+-------
      Total |      19 |      14 |  42.4 |      10 |       8 |  44.4
            +---------+---------+-------+---------+---------+-------
        D:1 |      19 |      14 |  42.4 |      10 |       8 |  44.4
            +---------+---------+-------+---------+---------+-------
